 Dungeon Crawl Stone Soup version 0.20-a0-46-g4a4b873 (webtiles) character file.

53 Faca the Poker (level 3, -3/30 HPs)
             Began as a Merfolk Chaos Knight on Nov 14, 2016.
             Slain by a gnoll (4 damage)
             ... on level 3 of the Dungeon.
             The game lasted 00:13:20 (1396 turns).

Faca the Poker (Merfolk Chaos Knight)               Turns: 1396, Time: 00:13:21

Health: -3/30      AC:  6    Str: 12    XL:     3   Next: 87%
Magic:  3/3        EV: 13    Int: 11    God:    Xom [*.....]
Gold:   111        SH:  0    Dex: 14    Spells: 0 memorised, 2 levels left

rFire  x . .     SeeInvis .     a - +1 spear (chaos)
rCold  + . .     Gourm    .     b - +2 leather armour
rNeg   . . .     Faith    .     (no shield)
rPois  .         Spirit   .     m - +0 helmet
rElec  .         Reflect  .     (no cloak)
rCorr  .         Harm     .     (no gloves)
MR     .....                    (no boots)
Stlth  +.........               d - amulet of rage
                                (no ring)
                                o - ring of ice

@: confused
A: change form in water, swift swim, stealthy swim
a: Renounce Religion, Evoke Berserk Rage


You were on level 3 of the Dungeon.
You worshipped Xom.
You were a special plaything of Xom.
You were not hungry.

You visited 1 branch of the dungeon, and saw 3 of its levels.

You collected 111 gold pieces.

Inventory:

Hand Weapons
 a - a +1 spear of chaos (weapon)
Armour
 b - a +2 leather armour (worn)
 m - a +0 helmet (worn)
Jewellery
 d - an amulet of rage (around neck)
 o - a ring of ice (left hand)
Scrolls
 f - a scroll of blinking
 k - a scroll of identify
 q - a scroll of enchant weapon
Potions
 e - a potion of agility
 g - a potion of degeneration {unknown}
 h - a potion of beneficial mutation {unknown}
 i - a potion of lignification {unknown}
 j - a potion of brilliance {unknown}
 l - a potion of resistance
Comestibles
 c - 2 bread rations
 n - a beef jerky


   Skills:
 + Level 3.7 Fighting
 + Level 5.3 Polearms
 + Level 1.4 Armour
 + Level 3.2 Dodging
 + Level 0.2 Stealth


You had 2 spell levels left.
You didn't know any spells.

Dungeon Overview and Level Annotations

Branches:
Dungeon (3/15)

Altars:


Message History

The gnoll barely misses you.
You hit the gnoll.
The gnoll is almost dead.
The gnoll hits you with a whip.
* * * LOW HITPOINT WARNING * * *
You are too injured to fight recklessly!
You are too injured to fight recklessly!
You are too injured to fight recklessly!
You hit the gnoll. You burn the gnoll.
You kill the gnoll!
Xom's attention turns to you for a moment.
You are confused.
You're too confused to move!
You bump into the rock wall.
The gnoll hits you but does no damage.
You bump into the rock wall.
The gnoll barely misses you.
You bump into the rock wall.
The gnoll hits you.
* * * LOW HITPOINT WARNING * * *
You closely miss the gnoll. The gnoll hits you.
You die...
Xom guffaws!

### ########### ##..
#.......(.. ###...
#.########. .....
#.########. #..g
#.#<....... #..
#.#.#####..
#.###########.#.# #..
#.§§§g@.........# #..
......###########....#
#.. #.### #....# #..
..................
.######...##......
#...........
..........## ....###..
....# .


You could see a gnoll.

Vanquished Creatures
  2 gnolls (D:3)
  A dart slug (D:1)
  A leopard gecko (D:2)
  3 ball pythons
  2 giant cockroaches (D:1)
  3 goblins
  5 hobgoblins
  A quokka (D:3)
  3 bats
  A frilled lizard (D:2)
  5 kobolds
  4 rats (D:1)
31 creatures vanquished.

Notes
Turn   | Place    | Note
-------+----------+-------------------------------------------
     0 | D:1      | Faca the Merfolk Chaos Knight began the quest for the Orb.
     0 | D:1      | Reached XP level 1. HP: 18/18 MP: 1/1
    22 | D:1      | XOM: potion effect (berserk rage)
    41 | D:1      | XOM: mild Tmut miscast
   112 | D:1      | XOM: cloud trail
   157 | D:1      | Reached XP level 2. HP: 22/24 MP: 2/2
   236 | D:1      | XOM: 6-stop teleportation journey
   372 | D:1      | XOM: harmless Fire miscast
   795 | D:2      | Reached skill level 1 in Armour
   855 | D:2      | XOM: harmless Air miscast
  1020 | D:2      | Reached XP level 3. HP: 29/29 MP: 3/3
  1378 | D:3      | XOM: smoke on damage
  1379 | D:3      | Reached skill level 5 in Polearms
  1391 | D:3      | XOM: mild Divn miscast
  1395 | D:3      | HP: 1/30 [gnoll (5)]
  1396 | D:3      | Slain by a gnoll

Vault maps used:
D:1:      mainiacjoe_arrival_reflecting_pool, minmay_domino_4
D:2:      serial_forest, infiniplex_forest_clump_C,
          infiniplex_forest_straight_2, infiniplex_forest_lined_room_2,
          infiniplex_forest_lined_room_2, infiniplex_forest_lined_room_3,
          infiniplex_forest_zigzag_1, infiniplex_forest_end_2,
          infiniplex_forest_clump_curved, infiniplex_forest_straight_4
D:3:      first_bread, nicolae_ru_great_annihilating_truth

Skill      XL: |  1  2  3 |
---------------+----------+-----
Dodging        | 3 |  3.2
Armour         | 1 |  1.4
Polearms       | 5 |  5.3
Fighting       | |  3.7
Stealth        | |  0.2

Action                   || total
-------------------------++-------
Melee: Spear             ||   107
  Use: Scroll            ||     9
       Potion            ||     1
  Eat: Bread ration      ||     1
Armor: Leather armour    ||    23
Dodge: Dodged            ||    49
